 Dungeon Crawl Stone Soup version 0.32-a0-42-ga30500b4d3 (webtiles) character file.

Game seed: 9951554502363706369

1356 cforsyth the Ducker (level 8, 0/20 (60) HPs)
             Began as a Djinni Reaver on Jan 28, 2024.
             Slain by an iguana (4 damage)
             ... on level 6 of the Dungeon.
             The game lasted 00:12:38 (6463 turns).

cforsyth the Ducker (Djinni Reaver)                 Turns: 6463, Time: 00:12:38

HP:   0/20 (60)     AC:  4    Str: 11    XL:     8   Next: 95%
Gold: 289           EV: 14    Int: 17    God:
                    SH:  0    Dex: 12

rFire   + + .        x - +3 dagger
rCold   . . .        (no shield)
rNeg    . . .        p - +1 robe {rC+}
rPois   ∞            o - +0 helmet
rElec   .            (no cloak)
rCorr   .            (no gloves)
SInv    .            (boots unavailable)
Will    .....        (no amulet)
Stlth   +            (no ring)
HPRegen 0.23/turn    (no ring)
MPRegen 0.00/turn

%: infuse magic (-1 HP)
@: flying, extremely drained
A: sickness immunity, fire resistance 2, cold vulnerability 1, float, innate
caster, HP casting, extra vitality 1
a: no special abilities


You were on level 6 of the Dungeon.
You visited 1 branch of the dungeon, and saw 6 of its levels.

You collected 289 gold pieces.

Inventory:

Hand Weapons
 a - a +0 short sword
 s - a +1 falchion of draining
 x - a +3 dagger (weapon)
Armour
 b - a +0 leather armour
 i - a +1 leather armour of poison resistance
 o - a +0 helmet (worn)
 p - a +1 robe of cold resistance (worn)
Wands
 t - a wand of charming (10)
 v - a wand of mindburst (13)
Scrolls
 c - 2 scrolls of enchant weapon {unknown}
 e - 2 scrolls of teleportation {unknown}
 g - 2 scrolls of revelation {unknown}
 l - 2 scrolls of blinking {unknown}
 m - a scroll of poison {unknown}
 n - 2 scrolls of identify {unknown}
 r - 2 scrolls of immolation {unknown}
 u - a scroll of acquirement {unknown}
Potions
 f - a potion of brilliance {unknown}
 h - a potion of might {unknown}
 j - a potion of mutation {unknown}
 k - a potion of curing {unknown}
 q - a potion of invisibility {unknown}
 w - 2 potions of lignification {unknown}


   Skills:
 + Level 5.4 Fighting
 + Level 5.4 Short Blades
 + Level 6.0 Dodging
 + Level 4.8 Spellcasting
 + Level 4.8 Conjurations
 + Level 4.8 Hexes
 + Level 4.8 Summonings
 + Level 4.8 Necromancy
 + Level 4.8 Translocations
 + Level 4.8 Fire Magic
 + Level 4.8 Ice Magic
 + Level 4.8 Air Magic
 + Level 4.8 Earth Magic
 + Level 4.8 Alchemy


You knew the following spells:

 Your Spells              Type           Power      Damage    Failure   Level
a - Kiss of Death         Conj/Necr      80%        2d11      1%          1
b - Momentum Strike       Conj/Tloc      40%        3d9       3%          2
c - Hailstorm             Conj/Ice       20%        3d7       6%          3
d - Magic Dart            Conj           80%        1d7       1%          1
e - Lesser Beckoning      Tloc           40%        N/A       3%          2
f - Jinxbite              Hex            40%        N/A       3%          2
Your spell library was empty.

Dungeon Overview and Level Annotations

Branches:
Dungeon (6/15)             Temple (0/1) D:5

Altars:
Ashenzari
Fedhas
Zin
The Shining One


Innate Abilities, Weirdness & Mutations

You are immune to sickness and miasma.
You are immune to poison.
Your flesh is very heat resistant. (rF++)
You are vulnerable to cold. (rC-)
You float through the air rather than walking.
You learn spells naturally, not from books.
Your magical power is your life essence.
You have superior vitality. (+4 MHP)


Message History

The arrow hits you!
You hear a shout!
The kobold shouts!
The centaur shoots an arrow.
The arrow hits you.
The centaur shoots an arrow.
The arrow misses you. The iguana completely misses you.
Sorry, you're not good enough to have a special ability.
Casting: Kiss of Death (safe; 1% risk of failure)
Confirm with . or Enter, or press ? or * to list all spells.
Aiming: Kiss of Death (safe; 1% risk of failure)
Press: ? - help, Shift-Dir - straight line, f - iguana
Aim: an iguana (100% to hit)
The negative energy hits the iguana!
The iguana is drained!
The iguana is almost dead.
You feel drained.
The centaur shoots an arrow.
The arrow closely misses you. The iguana barely misses you.
Casting: Kiss of Death (safe; 1% risk of failure)
Confirm with . or Enter, or press ? or * to list all spells.
Aiming: Kiss of Death (safe; 1% risk of failure)
Press: ? - help, Shift-Dir - straight line, f/p - iguana
Aim: an iguana (almost dead, heavily drained, 100% to hit)
The negative energy hits the iguana.
The iguana is drained!
You kill the iguana!
You feel drained.
The centaur shoots an arrow.
The arrow hits you. The iguana closely misses you.
The centaur shoots an arrow.
The arrow barely misses you. What are your orders? t - Shout!
Orders for allies: a - Attack new target. r - Retreat! s - Stop attacking. g - Guard the area. f - Follow me.
Anything else - Cancel.
Retreat in which direction?
Press: ? - help, Dir - move target, f - you
Okay, then.
Unknown command.
The centaur shoots an arrow.
The arrow hits you.
* * * LOW HITPOINT WARNING * * *
The iguana attacks as it pursues you! The iguana bites you.
You die...

~ #~ . #~ .. #. #~
..## ...
#~#######..#..#
#~~.##.#..#...
##@##........
###..l.....#
............##
........K....# .#
........K...<.#..#
.##.....K###†...#
......c.#......#
.....##KK.K.....#
#....
#K.#.........


You could see a centaur, an iguana and 5 kobolds.

Vanquished Creatures
  Sigmund (D:2)
  An ice beast (D:5)
  A sky beast (D:6)
  An ogre (D:4)
  A black bear (D:4)
  A kobold brigand (D:5)
  2 scorpions
  Dowan (D:5)
  2 howler monkeys (D:4)
  2 hounds (D:4)
  An orc priest (D:4)
  A sleepcap (D:5)
  3 iguanas
  3 orc wizards
  Robin (D:1)
  A gnoll (D:1)
  11 adders
  A shadow imp (D:5)
  2 white imps (D:5)
  A ribbon worm (D:2)
  2 dart slugs
  9 orcs
  2 endoplasms (D:1)
  3 giant cockroaches
  17 goblins
  10 hobgoblins
  7 jackals
  3 quokkas
  11 ball pythons
  12 bats
  2 frilled lizards
  9 kobolds
  5 rats
130 creatures vanquished.

Notes
Turn   | Place    | Note
-------+----------+-------------------------------------------
     0 | D:1      | cforsyth the Djinni Reaver began the quest for the Orb.
     0 | D:1      | cforsyth set off with the following spells memorised: Kiss
                  | of Death, Momentum Strike, Hailstorm.
     0 | D:1      | Reached XP level 1. HP: 18/18 MP: 0/0
   349 | D:1      | Found a faded altar of an unknown god.
   357 | D:1      | Reached XP level 2. HP: 15/23 MP: 0/0
   386 | D:1      | HP: 1/23 [kobold/+0 short sword (1)]
   585 | D:1      | Reached XP level 3. HP: 28/28 MP: 0/0
   585 | D:1      | Learned a level 1 spell: Magic Dart
  1193 | D:2      | Reached XP level 4. HP: 33/34 MP: 0/0
  1253 | D:2      | Noticed Sigmund
  1261 | D:2      | Noticed Robin
  1330 | D:1      | Killed Robin
  1331 | D:1      | Reached skill level 3 in Dodging
  1518 | D:2      | Killed Sigmund
  1519 | D:2      | Reached XP level 5. HP: 18/40 MP: 0/0
  1519 | D:2      | Learned a level 2 spell: Lesser Beckoning
  1519 | D:2      | Reached XP level 6. HP: 20/46 MP: 0/0
  2158 | D:2      | Reached skill level 4 in Dodging
  2326 | D:3      | Found a broken altar of Ashenzari.
  2734 | D:3      | Reached XP level 7. HP: 25/44 MP: 0/0
  2734 | D:3      | Learned a level 2 spell: Jinxbite
  3599 | D:4      | Identified the +0 chain mail of the Past {Harm rPois rF-
                  | Stlth+}
  4093 | D:5      | Entered Level 5 of the Dungeon
  4107 | D:4      | Reached skill level 5 in Dodging
  4107 | D:4      | Reached XP level 8. HP: 14/52 MP: 0/0
  4813 | D:5      | Found a glowing golden altar of the Shining One.
  4842 | D:5      | Found a staircase to the Ecumenical Temple.
  5656 | D:5      | Noticed Dowan
  5681 | D:5      | Killed Dowan
  6007 | D:5      | Found a blossoming altar of Fedhas.
  6010 | D:5      | Found a glowing silver altar of Zin.
  6058 | D:4      | Reached skill level 5 in Fighting
  6058 | D:4      | Reached skill level 5 in Short Blades
  6450 | D:6      | HP: 1/38 [kobold brigand/+0 whip (8)]
  6454 | D:5      | Reached skill level 6 in Dodging
  6463 | D:6      | Slain by an iguana

Illustrated notes

Levels and vault maps discovered:
D:1:      psy_arrival_whirlpool, layout_basic, ebering_ecumenical_altar_ruins
D:2:      minmay_chambers_of_twos, layout_rooms, uniq_sigmund, uniq_robin
D:3:      layout_basic, cheibrodos_ashenzari_chains, overflow_temple_1_default
D:4:      layout_rooms
D:5:      layout_layer_cave, mainiacjoe_overflow_six_doors_small,
          jmf_multi_god_temple2, minmay_temple_entry_glassed_door,
          minmay_misc_feat_chi, uniq_duvessa
D:6:      layout_cave_pools, kennysheep_slug_shrine,
          mainiacjoe_sewer_entry_somewhere_in_here_1, grunt_ministairs_7

Skill      XL: |  1  2  3  4  5  6  7  8 |
---------------+-------------------------+-----
Spellcasting   | 3 4 |  4.8
Conjurations   | 3 4 |  4.8
Hexes          | 3 4 |  4.8
Summonings     | 3 4 |  4.8
Necromancy     | 3 4 |  4.8
Translocations | 3 4 |  4.8
Fire Magic     | 3 4 |  4.8
Ice Magic      | 3 4 |  4.8
Air Magic      | 3 4 |  4.8
Earth Magic    | 3 4 |  4.8
Alchemy        | 3 4 |  4.8
Short Blades   | 3 4 5 |  5.4
Dodging        | 3 4 5 6 |  6.0
Fighting       | 3 4 5 |  5.4

Action                     |  1- 3 |  4- 6 |  7- 9 || total
---------------------------+-------+-------+-------++-------
  Melee: Short sword       |    84 |     7 |       ||    91
         Punch             |     1 |     1 |     2 ||     4
         Falchion          |       |     8 |   105 ||   113
   Cast: Magic Dart        |    35 |   102 |    64 ||   201
         Hailstorm         |       |     6 |     4 ||    10
         Kiss of Death     |       |     1 |     9 ||    10
         Momentum Strike   |       |       |     9 ||     9
  Evoke: Wand              |       |       |     1 ||     1
    Use: Potion            |       |       |     1 ||     1
 Armour: Leather armour    |    50 |    48 |       ||    98
         Robe              |       |     5 |   151 ||   156
  Dodge: Dodged            |    48 |    47 |   143 ||   238

Table legend: (Time is in decaauts)
 A = Elapsed time spent in this place.
 B = Non-inter-level travel time spent in this place.
 C = Inter-level travel time spent in this place.
 D = Time resting spent in this place.
 E = Time spent auto-exploring this place.
 F = Levels seen in this place.
 G = Mean time per level.
                   A        B        C        D        E       F      G
               +--------+--------+--------+--------+--------+-----+--------+
         Total |   6480 |   6354 |    126 |   1195 |   4068 |   6 | 1080.0 |
       Dungeon |   6480 |   6354 |    126 |   1195 |   4068 |   6 | 1080.0 |
               +--------+--------+--------+--------+--------+-----+--------+

Top non-repeatable levels by time:
     D:5: 1751 daAuts
     D:1: 1390 daAuts
     D:4: 1285 daAuts
     D:2: 1068 daAuts
     D:3: 962 daAuts
     D:6: 22 daAuts
